 Dungeon Crawl Stone Soup version 0.31.0-32-g396128a36d (webtiles) character file.

Game seed: 2155338837585521475

5177 Minsecho the Carver (level 10, -3/91 HPs)
             Began as a Naga Warper on Mar 11, 2024.
             Was an Initiate of Gozag.
             Killed from afar by an electric eel (7 damage)
             ... with a bolt of electricity
             ... on level 8 of the Dungeon.
             The game lasted 00:18:24 (8659 turns).

Minsecho the Carver (Naga Warper)                   Turns: 8659, Time: 00:18:26

Health: -3/91      AC: 14    Str: 22    XL:     10   Next: 60%
Magic:  16/16      EV:  9    Int: 14    God:    Gozag
Gold:   1189       SH:  0    Dex: 12    Spells: 16/18 levels left

rFire   . . .        r - +1 long sword "Qofu" {venom, Will+}
rCold   . . .        (no shield)
rNeg    + . .        y - +0 scale mail {rN+}
rPois   +            (no helmet)
rElec   .            z - +0 cloak
rCorr   .            p - +0 pair of gloves
SInv    +            (no barding)
Will    ++...        n - amulet of magic regeneration
Stlth   ++           E - +6 ring of strength
HPRegen 0.35/turn    g - +4 ring of protection
MPRegen 0.55/turn

%: no passive effects
@: gold aura, very slow
A: AC +3, large, see invisible, deformed body, poison resistance, slowness 2,
spit poison 1, naga tail 1
a: Spit Poison, Renounce Religion, Potion Petition, Call Merchant, Bribe Branch


You were on level 8 of the Dungeon.
You worshipped Gozag.
Gozag was most pleased with you.
You visited 1 branch of the dungeon, and saw 8 of its levels.

You collected 1189 gold pieces.

Inventory:

Hand Weapons
 r - the +1 long sword "Qofu" (weapon) {venom, Will+}
   (You found it on level 3 of the Dungeon)

   Will+:     It increases your willpower.
Missiles
 d - 3 darts of dispersal
 f - 6 atropa-tipped darts
 u - 23 poisoned darts
 B - 6 curare-tipped darts
Armour
 b - a +0 leather armour
 p - a +0 pair of gloves (worn)
 y - a +0 scale mail of positive energy (worn)
 z - a +0 cloak (worn)
 C - an orb of guile
Jewellery
 g - a +4 ring of protection (right hand)
 h - a ring of positive energy
 n - an amulet of magic regeneration (around neck)
 D - a +6 ring of strength
 E - a +6 ring of strength (left hand)
 F - a ring of positive energy
Talismans
 q - a talisman of death
Wands
 t - a wand of flame (15)
 v - a wand of iceblast (11)
 w - a wand of paralysis (19)
Scrolls
 a - 3 scrolls of teleportation
 c - a scroll of blinking
 j - 2 scrolls of enchant armour {unknown}
 k - a scroll of vulnerability {unknown}
 l - 2 scrolls of fear
 o - 5 scrolls of poison {unknown}
 A - a scroll of noise
 I - a scroll of fog
Potions
 e - a potion of berserk rage
 i - a potion of invisibility
 m - 2 potions of enlightenment
 s - 3 potions of lignification
 x - a potion of might
 H - 2 potions of heal wounds


   Skills:
 + Level 5.7 Fighting
 + Level 9.0 Long Blades
 + Level 1.3 Throwing
 + Level 5.1 Armour
 + Level 3.5 Dodging
 + Level 5.6 Stealth
 * Level 4.5 Spellcasting
 + Level 5.5 Translocations
 + Level 3.7 Air Magic
 + Level 1.4 Evocations


You had 16 spell levels left.
You knew the following spells:

 Your Spells              Type           Power      Damage    Failure   Level
a - Blink                 Tloc           36%        N/A       7%          2

Your spell library contained the following spells:

 Spells                   Type           Power      Damage    Failure   Level
 Lesser Beckoning         Tloc           36%        N/A       7%          2
 Teleport Other           Tloc           18%        N/A       14%         3
 Manifold Assault         Tloc           18%        N/A       41%         4
 Vhi's Electric Charge    Tloc/Air       32%        N/A       54%         4


Dungeon Overview and Level Annotations

Branches:
Dungeon (8/15)             Temple (0/1) D:5
   Lair: D:8-11

Altars:
Dithmenos
Elyvilon
Fedhas
Gozag
Hepliaklqana
Makhleb
Okawaru
Sif Muna
Trog
Vehumet
Xom

Annotations:
D:3 1 runed translucent door, EntropyEnjoyer's ghost, amateur OnAE


Innate Abilities, Weirdness & Mutations

Your serpentine skin is tough. (AC +3)
You have supernaturally acute eyesight. (SInv)
Armour fits poorly on your strangely shaped body.
Your system is resistant to poisons. (rPois)
You cover ground very slowly.
You can spit poison.
You have a snake-like lower body.


Message History

Your Armour skill increases to level 5!
The electric eel shoots out a bolt of lightning at you!
The bolt of electricity hits you!
Aiming: Spit Poison (1% risk of failure)
Press: ? - help, Q - select action, (/) - cycle Shift-Dir - straight line, f - electric eel
Aim: an electric eel (water, 43% to hit)
The splash of poison misses the electric eel.
The electric eel shoots out a bolt of lightning at you!
The bolt of electricity hits you.
Aiming: Paralyse
Press: ? - help, Shift-Dir - straight line, f/p - electric eel
Aim: an electric eel (water, chance to affect: 61%)
The electric eel resists with significant effort.
You feel ready to blink again.
The electric eel shoots out a bolt of lightning at you!
The bolt of electricity hits you.
Aiming: Paralyse
Press: ? - help, Shift-Dir - straight line, f/p - electric eel
Aim: an electric eel (water, chance to affect: 61%)
The electric eel suddenly stops moving!
Unknown command.
Found a white marble altar of Elyvilon.
You have got your breath back.
An electric eel comes into view.
The electric eel shoots out a bolt of lightning at you!
The bolt of electricity hits the electric eel.
The electric eel completely resists.
The bolt of electricity hits you!
* * * LOW HITPOINT WARNING * * *
The electric eel shoots out a bolt of lightning at you!
The bolt of electricity hits the electric eel.
The electric eel completely resists.
The bolt of electricity hits you!
* * * LOW HITPOINT WARNING * * *
The electric eel is no longer paralysed.
The electric eel shoots out a bolt of lightning at you!
The bolt of electricity hits you!
* * * LOW HITPOINT WARNING * * *
The electric eel shoots out a bolt of lightning at you!
The bolt of electricity hits you!
You die...
Your body crumbles into a pile of gold.

#)...#####S.≈##..## #)
#....##..#S.≈#....## #.
##...#^...≈.≈P.##..# #.
#.#.#...P≈.≈.P###.### ##
###...#...#≈.≈#$###...####
#..........≈.≈..#........###
#.###....P.≈.≈.P#.....##...##
####.#...#...#≈.≈#.#[....####...
#....#.#.##.P.≈@≈P)#.....# ###.
#.####.#.##...≈.≈PP....... #..
#......#.##..#≈.≈#P...>...# #..
###.####.##.P.≈.≈PP.......# #..
#.# #.##...............# #.. ###
#.##..#......... ###
#.##..#......... ...+........


You could see an electric eel.

Vanquished Creatures
  2 two-headed ogres (D:8)
  Maurice (D:7)
  Jeremiah (D:7)
  Prince Ribbit (D:7)
  3 water moccasins
  A sky beast (D:7)
  2 orc warriors
  2 ice beasts (D:8)
  3 ogres (D:6)
  2 black bears
  A wolf (D:8)
  2 centaurs (D:7)
  A kobold brigand (D:6)
  Blork the orc (D:4)
  2 bullfrogs (D:8)
  A gnoll sergeant (D:4)
  2 scorpions
  3 wights (D:7)
  3 electric eels
  2 howler monkeys (D:6)
  2 bombardier beetles (D:6)
  2 jellies
  3 hounds
  A gnoll bouda (D:8)
  2 orc priests
  3 sleepcaps
  Jessica (D:2)
  4 iguanas
  8 orc wizards
  2 centaur simulacra (D:8)
  9 gnolls
  2 adders
  A white imp (D:8)
  A howler monkey simulacrum (D:8)
  3 ufetubi
  3 dart slugs
  2 ribbon worms
  12 orcs
  3 bats
  8 endoplasms
  A giant cockroach (D:4)
  A goblin (D:1)
  3 hobgoblins
  7 kobolds
  2 quokkas
  7 ball pythons
  A rat (D:1)
130 creatures vanquished.

Vanquished Creatures (others)
  An ufetubus (D:8)
  An orc (D:8)
2 creatures vanquished.

Grand Total: 132 creatures vanquished

Notes
Turn   | Place    | Note
-------+----------+-------------------------------------------
     0 | D:1      | Minsecho the Naga Warper began the quest for the Orb.
     0 | D:1      | Reached XP level 1. HP: 19/19 MP: 3/3
   619 | D:1      | Reached XP level 2. HP: 26/26 MP: 5/5
  1047 | D:2      | Noticed Jessica
  1054 | D:2      | Killed Jessica
  1055 | D:2      | Reached skill level 1 in Armour
  1055 | D:2      | Reached XP level 3. HP: 23/32 MP: 6/6
  1138 | D:2      | Found a faded altar of an unknown god.
  1185 | D:2      | Prayed at the altar of an unknown god.
  1185 | D:2      | Became a worshipper of Gozag Ym Sagoz the Greedy
  1473 | D:2      | Reached XP level 4. HP: 32/40 MP: 7/7
  1485 | D:2      | Reached skill level 3 in Long Blades
  1773 | D:3      | Identified the +1 long sword "Qofu" {venom, Will+}
  1960 | D:3      | Found a runed translucent door.
  1960 | D:3      | Noticed EntropyEnjoyer's ghost (amateur OnAE)
  2030 | D:3      | Found a bloodstained altar of Trog.
  2106 | D:3      | Found an iron altar of Okawaru.
  2207 | D:4      | Reached skill level 1 in Stealth
  2207 | D:4      | Reached XP level 5. HP: 46/46 MP: 8/8
  2499 | D:4      | Reached skill level 4 in Long Blades
  2499 | D:4      | Reached XP level 6. HP: 7/55 MP: 9/9
  2752 | D:4      | Found a radiant altar of Vehumet.
  2757 | D:4      | Noticed Blork the orc
  2770 | D:4      | Killed Blork the orc
  2771 | D:4      | Reached skill level 1 in Throwing
  3160 | D:4      | Learned a level 2 spell: Blink
  3452 | D:5      | Entered Level 5 of the Dungeon
  3452 | D:5      | Found a staircase to the Ecumenical Temple.
  3457 | D:5      | Noticed a black bear
  3468 | D:5      | Killed a black bear
  3496 | D:5      | Reached XP level 7. HP: 62/62 MP: 10/10
  3688 | D:5      | Found a shadowy altar of Dithmenos.
  3943 | D:5      | Reached skill level 5 in Long Blades
  3943 | D:5      | Reached skill level 1 in Air Magic
  4317 | D:6      | Reached XP level 8. HP: 63/72 MP: 11/11
  4876 | D:6      | Reached skill level 6 in Long Blades
  5681 | D:7      | Reached skill level 5 in Translocations
  5681 | D:7      | Reached XP level 9. HP: 30/79 MP: 12/12
  5922 | D:7      | Reached skill level 7 in Long Blades
  6168 | D:7      | Noticed Maurice
  6188 | D:7      | Maurice stole a talisman of death
  6192 | D:7      | Maurice stole 6 atropa-tipped darts
  6193 | D:7      | Maurice stole 685 gold
  6195 | D:7      | Maurice stole 75 gold
  6196 | D:7      | Killed Maurice
  6197 | D:7      | Reached skill level 1 in Evocations
  6293 | D:7      | Noticed Jeremiah
  6306 | D:7      | Killed Jeremiah
  6343 | D:7      | Noticed Prince Ribbit
  6356 | D:7      | Killed Prince Ribbit
  6571 | D:7      | Reached skill level 5 in Fighting
  6571 | D:7      | Reached skill level 8 in Long Blades
  6571 | D:7      | Reached skill level 5 in Stealth
  6637 | D:7      | Found a shimmering blue altar of Sif Muna.
  6693 | D:7      | Found a burning altar of Makhleb.
  6693 | D:7      | Found a blossoming altar of Fedhas.
  6876 | D:7      | Found a shimmering altar of Xom.
  6877 | D:7      | Found a hazy altar of Hepliaklqana.
  6877 | D:7      | Noticed a torpor snail
  6878 | D:7      | Noticed a spectral ugly thing
  6878 | D:7      | Noticed a torpor snail
  7136 | D:8      | Reached XP level 10. HP: 26/88 MP: 15/15
  7729 | D:8      | Noticed a two-headed ogre
  7743 | D:8      | Killed a two-headed ogre
  8633 | D:8      | Noticed a two-headed ogre
  8650 | D:8      | Killed a two-headed ogre
  8651 | D:8      | Reached skill level 9 in Long Blades
  8651 | D:8      | Reached skill level 5 in Armour
  8655 | D:8      | Found a white marble altar of Elyvilon.
  8659 | D:8      | HP: 4/91 [electric eel/bolt of electricity (12)]
  8659 | D:8      | Killed from afar by an electric eel

Illustrated notes

Levels and vault maps discovered:
D:1:      evilmike_arrival_hilbert_curve, layout_loops_corners
D:2:      layout_loops_ring, chequers_ecumenical_altar_simple, uniq_jessica
D:3:      layout_rooms, mainiacjoe_overflow_alcove_4, lightli_temple_of_fire,
          ebering_ghost_sewer_d, minmay_misc_feat_square
D:4:      layout_gridville, vehumet_crystals, uniq_blork_the_orc
D:5:      layout_rooms, kennysheep_little_box, minmay_temple_entry_butterflies
D:6:      layout_loops_cross
D:7:      layout_cave_pools, regret_index_temple_of_mockery,
          gammafunk_temple_overflow_wave, kennysheep_orc_sif_temple,
          serial_bayou_lagoon_a, uniq_jeremiah, uniq_maurice,
          uniq_prince_ribbit1
D:8:      layout_basic, nicolae_elyvilon_temple_path, serial_ice, serial_ice_b,
          serial_ice_o, serial_ice_m, serial_ice_k, uniq_psyche

Skill      XL: |  1  2  3  4  5  6  7  8  9 10 |
---------------+-------------------------------+-----
Armour         | 1 2 3 4 5 |  5.1
Long Blades    | 3 4 5 6 8 9 |  9.0
Stealth        | 1 2 3 5 |  5.6
Dodging        | 2 3 |  3.5
Fighting       | 3 4 5 |  5.7
Throwing       | 1 |  1.3
Translocations | 4 5 |  5.5
Air Magic      | 1 3 |  3.7
Evocations     | 1 |  1.4
Spellcasting   | 3 4 |  4.5

Action                     |  1- 3 |  4- 6 |  7- 9 | 10-12 || total
---------------------------+-------+-------+-------+-------++-------
  Melee: Falchion          |    91 |    35 |       |       ||   126
         Long sword        |       |    71 |   218 |    88 ||   377
         Punch             |       |     1 |     2 |     3 ||     6
  Throw: Dart              |       |     4 |     3 |     1 ||     8
   Cast: Blink             |       |       |     2 |     3 ||     5
Ability: Spit Poison       |       |    17 |    28 |    16 ||    61
  Evoke: Wand              |       |     3 |    11 |     4 ||    18
    Use: Potion            |       |     3 |       |       ||     3
         Scroll            |       |     1 |     8 |     2 ||    11
   Stab: Sleeping          |       |     2 |       |       ||     2
         Paralysed         |       |       |    11 |       ||    11
 Armour: Leather armour    |    55 |    79 |    42 |       ||   176
         Scale mail        |       |       |   193 |    98 ||   291
  Dodge: Dodged            |    39 |    46 |    97 |    48 ||   230
